Literally Asking To Die, lawful female dwarven Valkyrie ------ ------- |.....##u@ ----- ----- #......| -------- |+..?| f |...| |...| ###|.....| .......| |...$- ####|....#### |...| # |......# |......| -.---- #-...| # |.^.|#####......|# ##.%.<...| #-#-#- ##....|# |.....## # |......| ###########|...-# -.---#-# # |......| #-#---# # # # ---.---- ####### ### # # ## # # # # # # # # # ### # # ### # # ### # # ## -.---- #-#---.-------- ### -----#-###-#######.....| #|............| # |.........|# |....| #|...........>| ##..........|# |....| #.............| |.........-# |....| |............| ----------- ------ -------------- Literally Asking To Die the Skirmisher Experience level: 4 Strength: 14 Dexterity: 12 Constitution: 18 Intelligence: 8 Wisdom: 10 Charisma: 9 Health: 0(51) Energy: 7(7) AC: 6 Gold: 241 Moves: 1721 Your Inventory: Coins $ - 241 gold pieces Weapons a - an uncursed +1 long sword (weapon in hand) b - an uncursed +0 dagger m - an [uncursed +0] two-handed sword named pet approved q - a [blessed +3] trident named pet approved Armor c - an uncursed +3 small shield (being worn) y - an [uncursed +0] leather armor named pet approved Comestibles d - 2 uncursed food rations e - an [uncursed] tin [of jackal meat] j - an [uncursed] tripe ration p - an [uncursed stale] egg Scrolls g - a [blessed] scroll labeled LOREN IPSUM [of confuse monster] k - an [uncursed] scroll labeled HAPAX LEGOMENON [of identify] l - a [blessed] scroll labeled ELBIB YLOH [of remove curse] o - a [cursed] scroll labeled AQUE BRAGH [of flood] s - an [uncursed] scroll labeled HACKEM MUCHE [of enchant weapon] t - an [uncursed] scroll labeled LOREN IPSUM [of confuse monster] Potions w - an [uncursed] amber potion [of confusion] z - a [blessed] black potion [of paralysis] Tools h - an [uncursed] key [skeleton key] Gems r - an [uncursed] orange gem [worthless glass] Spells known in the end: Name Level Category Fail Memory Your skills at the end: Fighting Skills Weapon Skills dagger [Basic / Expert] long sword [Basic / Expert] Spellcasting Skills Final Attributes: You were devoutly aligned. Hunger level was 19. Your alignment was 16 / 18. Monster difficulty range was 0 - 4. Level difficulty was 4. You were immune to cold. You had infravision. You were stealthy. Your luck was zero. You are dead. Vanquished creatures: a gnome lord 3 elf zombies a homunculus a rothe a giant bat 3 orc zombies an iguana a large kobold a hobgoblin 2 cave spiders a yellow mold a green mold 2 jackals 2 sewer rats 3 grid bugs a lichen a newt 26 creatures vanquished. Voluntary challenges: You were an atheist. You used a wielded weapon 23 times. You read items or engraved 1 time. You put on armor 1 time. You never genocided any monsters. You never polymorphed an object. You never changed form. You used no wishes. You wrote Elbereth's name 1 time. You encountered 1 bones level. You never used any Sokoban shortcuts. Dungeon overview: The Dungeons of Doom: levels 1 to 4 Level 1 a long staircase Level 2 some fountains a long staircase Level 3 a fountain, a sink Level 4 <- You were here History has recorded: On T:1 you entered the Dungeons of Doom to retrieve the Amulet of Yendor! On T:136 you reached level 2 of The Dungeons of Doom. On T:538 you reached level 3 of The Dungeons of Doom. On T:541 you advanced to experience level 2. On T:625 you advanced to experience level 3. On T:1140 you advanced to experience level 4. On T:1370 you reached level 4 of The Dungeons of Doom. Latest messages: The pony bites! Not A Dog misses the pony. The pony kicks! The pony bites! Not A Dog misses the pony. [HP-9=23] You miss the pony. The pony kicks! The pony bites! Not A Dog misses the pony. [HP-6=17] You hit the pony. The pony kicks! The pony bites! Not A Dog bites the pony. [HP-5=12] You hit the pony! The pony kicks! The pony bites! Not A Dog bites the pony. The pony hits Not A Dog. The pony misses Not A Dog. The pony kicks! You die... Final status: Farvel Literally Asking To Die the Valkyrie... You died in The Dungeons of Doom on dungeon level 4 with 731 points, and 241 pieces of gold, after 1721 moves. You were level 4 with a maximum of 51 hit points when you died.